 Dungeon Crawl Stone Soup version 0.27.1-35-g4d5d836560 (webtiles) character file.

Game seed: 5520394412356553071

34064 cbfl8 the Protected (level 13, -9/174 HPs)
             Began as a Minotaur Monk on May 23, 2022.
             Was a High Priest of Yredelemnul.
             Mangled by a 12-headed hydra (12 damage)
             ... on level 4 of the Lair of Beasts on June 1, 2022.
             The game lasted 00:58:47 (25152 turns).

cbfl8 the Protected (Minotaur Monk)                Turns: 25152, Time: 00:58:48

Health: -9/174     AC: 26    Str: 18    XL:     13   Next: 40%
Magic:  17/17      EV:  2    Int: 17    God:    Yredelemnul [*****.]
Gold:   1112       SH: 17    Dex: 22    Spells: 12/12 levels left

rFire    . . .     SeeInvis .   j - +11 hand axe of Deformation {venom, rC+ Will++ Int+3 Dex+3}
rCold    + + .     Faith    .   K - +0 kite shield
rNeg     + + +     Spirit   .   (armour currently unavailable)
rPois    +         Reflect  +   (helmet currently unavailable)
rElec    .         Harm     .   (cloak currently unavailable)
rCorr    .         Rampage  .   (gloves currently unavailable)
Will     ++...     NoTele   +   (boots currently unavailable)
Stlth    +++.......             B - amulet of reflection
HPRegen  0.39/turn              h - +6 ring of dexterity
MPRegen  0.15/turn              E - ring "Xetamocs" {rC+ Str-3 Int+7 Slay+4}

@: tree-form
A: stationary, stasis, torment immunity, boosted hp, (horns 2), (retaliatory
headbutt)
a: Renounce Religion, Recall Undead Slaves, Injury Mirror, Animate Dead, Drain
Life, Enslave Soul


You were on level 4 of the Lair of Beasts.
You worshipped Yredelemnul.
Yredelemnul was extremely pleased with you.
You were a tree.
You visited 3 branches of the dungeon, and saw 17 of its levels.

You collected 1222 gold pieces.
You spent 110 gold pieces at shops.

Inventory:

Hand Weapons
 j - the +11 hand axe of Deformation (weapon) {venom, rC+ Will++ Int+3 Dex+3}
   (You found it on level 5 of the Dungeon)

   It poisons the flesh of those it strikes.
   Int:       It affects your intelligence (+3).
   Dex:       It affects your dexterity (+3).
   rC:        It protects you from cold.
   Will:      It greatly increases your willpower.
 r - a +2 quarterstaff of chaos
 G - a +0 shortbow
Missiles
 H - 102 arrows
Armour
 k - a scarf of invisibility (melded)
 D - a +2 cloak
 F - a +3 plate armour (melded)
 K - a +0 kite shield (worn)
 O - a +0 pair of gloves (melded)
Jewellery
 h - a +6 ring of dexterity (left branch)
 m - the ring "Hopropte" {Ice Dex+3}
   (You took it off a tengu warrior on level 10 of the Dungeon)

   [ring of ice]

   It enhances your ice magic.
   Dex:       It affects your dexterity (+3).
   rF:        It makes you vulnerable to fire.
   rC:        It protects you from cold.
 B - an amulet of reflection (around neck)
 E - the ring "Xetamocs" (right branch) {rC+ Str-3 Int+7 Slay+4}
   (You acquired it on level 12 of the Dungeon)

   [ring of slaying]

   Str:       It affects your strength (-3).
   Int:       It affects your intelligence (+7).
   Slay:      It affects your accuracy & damage with ranged weapons and melee
   (+4).
   rC:        It protects you from cold.
 M - a +6 ring of strength
 Q - the ring "Unutuwum" {Fire rPois}
   (You found it on level 2 of the Lair of Beasts)

   [ring of fire]

   It enhances your fire magic.
   rF:        It protects you from fire.
   rC:        It makes you vulnerable to cold.
   rPois:     It protects you from poison.
 T - a ring of magical power
 V - a ring of fire
 W - an amulet of regeneration
 Y - the ring of the Mage {Wiz Will++ Int+3}
   (You found it on level 3 of the Lair of Beasts)

   [ring of wizardry]

   It improves your spell success rate.
   Int:       It affects your intelligence (+3).
   Will:      It greatly increases your willpower.
Wands
 c - a wand of flame (38)
 p - a wand of charming (24)
 u - a wand of paralysis (17)
 v - a wand of iceblast (1)
 C - a wand of acid (10) (quivered)
Scrolls
 b - a scroll of identify
 d - a scroll of enchant armour
 e - 2 scrolls of magic mapping
 i - a scroll of brand weapon
 n - 3 scrolls of silence
 y - 3 scrolls of enchant weapon
 z - 2 scrolls of noise
 I - a scroll of fog {unknown}
 R - a scroll of immolation {unknown}
 Z - 3 scrolls of amnesia
Potions
 o - 3 potions of attraction
 x - 3 potions of cancellation
 A - 2 potions of degeneration
 L - a potion of brilliance
 N - a potion of mutation {unknown}
 P - a potion of flight {unknown}
 X - a potion of magic {unknown}
Miscellaneous
 s - a box of beasts
 S - a tin of tremorstones (2/2)


   Skills:
 + Level 11.3 Fighting
 + Level 7.1 Long Blades
 + Level 13.4 Axes
 + Level 13.6 Armour
 + Level 5.9 Dodging
 + Level 3.4 Stealth
 + Level 9.1 Shields
 + Level 7.8 Invocations
 + Level 2.6 Evocations


You had 12 spell levels left.
You didn't know any spells.
Your spell library contained the following spells:

 Spells                   Type           Power      Damage    Failure   Level
 Animate Skeleton         Necr           0%         N/A       45%         1
 Apportation              Tloc           0%         N/A       45%         1
 Corona                   Hex            0%         N/A       45%         1
 Pain                     Necr           0%         1d4       45%         1
 Sandblast                Erth           0%         2d4       45%         1
 Summon Small Mammal      Summ           0%         N/A       45%         1
 Corpse Rot               Necr/Air       N/A        N/A       58%         2
 Passwall                 Tmut/Erth      0%         N/A       58%         2
 Slow                     Hex            0%         N/A       58%         2
 Static Discharge         Conj/Air       0%         N/A       58%         2
 Call Canine Familiar     Summ           0%         N/A       83%         3
 Confusing Touch          Hex            0%         N/A       83%         3
 Conjure Flame            Conj/Fire      0%         6-21      83%         3
 Dazzling Flash           Conj/Hex       0%         N/A       83%         3
 Ignite Poison            Fire/Tmut/Pois 0%         N/A       83%         3
 Inner Flame              Hex/Fire       0%         N/A       83%         3
 Stone Arrow              Conj/Erth      0%         3d7       83%         3
 Summon Guardian Golem    Hex/Summ       0%         N/A       83%         3
 Vampiric Draining        Necr           0%         2d6       83%         3
 Animate Armour           Summ/Erth      0%         N/A       99%         4
 Cause Fear               Hex            0%         N/A       99%         4
 Dispel Undead            Necr           0%         3d6       99%         4
 Iskenderun's Mystic Bla  Conj/Tloc      0%         2d3       99%         4
 Sticky Flame             Conj/Fire      0%         2d3       99%         4
 Alistair's Intoxication  Tmut/Pois      0%         N/A       100%        5
 Bolt of Magma            Conj/Fire/Erth 0%         4d4       100%        5
 Borgnjor's Vile Clutch   Necr/Erth      0%         N/A       100%        5
 Iskenderun's Battlesphe  Conj           0%         2d6       100%        5
 Lee's Rapid Deconstruct  Erth           0%         3d5*      100%        5
 Yara's Violent Unravell  Hex/Tmut       0%         3d3       100%        5
 Death Channel            Necr           0%         N/A       100%        6
 Eringya's Noxious Bog    Tmut/Pois      0%         N/A       100%        6
 Iron Shot                Conj/Erth      0%         9d1       100%        6
 Simulacrum               Ice/Necr       0%         N/A       100%        6
 Starburst                Conj/Fire      0%         6d3       100%        6
 Spellforged Servitor     Conj/Summ      0%         N/A       100%        7
 Borgnjor's Revivificati  Necr           0%         N/A       100%        8
 Discord                  Hex            0%         N/A       100%        8
 Lehudib's Crystal Spear  Conj/Erth      0%         10d2      100%        8
 Necromutation            Tmut/Necr      0%         N/A       100%        8
 Chain Lightning          Conj/Air       0%         N/A       100%        9
 Death's Door             Necr           0%         N/A       100%        9


Dungeon Overview and Level Annotations

Branches:
Dungeon (12/15)            Temple (1/1) D:4            Lair (4/6) D:9
 Spider (0/4) Lair:3          Orc (0/2) D:9
  Swamp: Lair:2-4    Shoals: Lair:2-4

Altars:
Ashenzari
Cheibriados
Dithmenos
Elyvilon
Fedhas
Gozag
Hepliaklqana
Kikubaaqudgha
Makhleb
Nemelex Xobeh
Okawaru
Qazlal
Ru
Sif Muna
Trog
Uskayaw
Vehumet
Wu Jian
Xom
Yredelemnul
Zin
The Shining One
Beogh

Shops:
D:6 **

Portals:
Trove: D:10 (give 14 scrolls of teleportation)

Annotations:
D:12 2 runed translucent doors


Innate Abilities, Weirdness & Mutations

You are a tree.
Your roots penetrate the ground, keeping you stationary.
You cannot be teleported.
You are immune to unholy pain and torment.
Your maximum health is greatly increased.
Your equipment is partially melded.
((You have a pair of horns on your head.))
((You reflexively headbutt those who attack you in melee.))


Message History

You block the 12-headed hydra's attack. The 12-headed hydra barely misses you.
The 12-headed hydra bites you but does no damage. x2
The 12-headed hydra bites you.
* * * LOW HITPOINT WARNING * * *
The 12-headed hydra bites you!
* * * LOW HITPOINT WARNING * * *
Aiming: Corrosive Bolt
Press: ? - help, Q - select action, (/) - cycle Shift-Dir - straight line, f/p - 12-headed hydra
Aim: a 12-headed hydra (severely wounded, very poisoned, 90% to hit)
The bolt of acid hits the 12-headed hydra!
The 12-headed hydra is splashed with acid.
The acid corrodes the 12-headed hydra!
The 12-headed hydra is almost dead.
The 12-headed hydra bites you but does no damage.
You block the 12-headed hydra's attack.
The 12-headed hydra bites you but does no damage.
The 12-headed hydra bites you!
* * * LOW HITPOINT WARNING * * *
The 12-headed hydra bites you but does no damage. x2
The 12-headed hydra bites you.
* * * LOW HITPOINT WARNING * * *
You block the 12-headed hydra's attack. x2
The 12-headed hydra bites you but does no damage.
You block the 12-headed hydra's attack. The 12-headed hydra bites you.
* * * LOW HITPOINT WARNING * * *
Aiming: Corrosive Bolt
Press: ? - help, Q - select action, (/) - cycle Shift-Dir - straight line, f/p - 12-headed hydra
Aim: a 12-headed hydra (almost dead, very poisoned, covered in acid, 90% to hit)
The bolt of acid misses the 12-headed hydra.
The 12-headed hydra bites you but does no damage.
You block the 12-headed hydra's attack. The 12-headed hydra bites you.
* * * LOW HITPOINT WARNING * * *
The 12-headed hydra bites you but does no damage.
You block the 12-headed hydra's attack.
The 12-headed hydra bites you but does no damage. x2
You block the 12-headed hydra's attack. x2
The 12-headed hydra bites you but does no damage. x2
The 12-headed hydra bites you!
You die...
Your body rises from the dead as a mindless zombie.

### ################# ###
#.##
##.#.#..##...##.D#####.###..#
................♣..........#
................#.#..#....##
...#.####......####.###..Z#
...### ###...#.# #.. ###.#
...## #...+....... #..# ....#
#...#.#......#..## ....#
........####.##.###..# ....#
...##...# ##.####PZ## ...##
.. #.... #######.#


You could see a 12-headed hydra (very poisoned, corroded).

Vanquished Creatures
  An ogre mage (D:10)
  A boulder beetle (D:10)
  A centaur warrior (D:10)
  A hydra (D:12)
  4 two-headed ogres
  3 death yaks (Lair:4)
  A tengu warrior (D:10)
  3 skeletal warriors (D:10)
  A wizard (D:10)
  4 oklob plants (Lair:2)
  An ugly thing (D:10)
  A black mamba (Lair:2)
  9 elephants
  A centaur zombie (D:11)
  A cane toad (shapeshifter) (D:10)
  6 cane toads
  6 komodo dragons
  A rime drake (Lair:3)
  A kobold demonologist (D:12)
  A hornet (D:10)
  2 trolls
  2 tyrant leeches (Lair:4)
  Prince Ribbit (D:8)
  2 blink frogs (Lair:3)
  3 slime creatures (D:12)
  A shadow (D:11)
  3 wraiths
  14 yaks
  5 vampire mosquitoes
  A basilisk (Lair:4)
  A swamp worm (Lair:4)
  13 water moccasins
  3 orc warriors
  A black bear (Lair:4)
  2 ice beasts (D:6)
  2 ogres
  4 necrophages
  A centaur (D:7)
  7 wolves
  A kobold brigand (D:9)
  Blork the orc (D:5)
  10 bullfrogs
  2 water moccasin zombies
  5 scorpions
  A gnoll sergeant (D:9)
  7 wights
  10 killer bees
  2 howler monkeys
  A jelly (D:5)
  8 orc priests
  Crazy Yiuf (D:5)
  3 gnoll shamans
  A hound (D:5)
  Ijyb (D:5)
  A centaur skeleton (D:6)
  An iguana (D:5)
  Jessica (D:2)
  Terence (D:2)
  18 orc wizards
  A killer bee zombie (D:6)
  16 gnolls
  8 adders
  2 howler monkey skeletons
  A shadow imp (D:6)
  An ufetubus (D:6)
  A wolf zombie (Lair:2)
  A yak zombie (D:12)
  A worm (D:3)
  3 dart slugs
  43 orcs
  6 bats
  5 endoplasms
  2 giant cockroaches (D:4)
  5 goblins
  7 hobgoblins
  8 kobolds
  An orc zombie (D:12)
  2 quokkas
  10 ball pythons
  3 frilled lizards
  2 rats
  2 bushes
323 creatures vanquished.

Vanquished Creatures (collateral kills)
  A hydra (Lair:4)
  A death yak (Lair:4)
  Nergalle (Lair:4)
  A manticore (D:12)
  An ugly thing (D:10)
  A rime drake (Lair:3)
  A komodo dragon (Lair:3)
  A blink frog (Lair:3)
  A tarantella (Lair:3)
  6 yaks
  A wraith (D:10)
  A basilisk (Lair:3)
  A water moccasin (Lair:1)
  2 orc warriors
  A black bear (Lair:4)
  A centaur (D:10)
  A bullfrog (Lair:3)
  A jelly (D:6)
  A wight (D:10)
  2 centaur zombies (D:10)
  An orc priest (D:9)
  4 orc wizards
  A gnoll (D:7)
  A howler monkey skeleton (D:7)
  3 orcs
  3 kobolds (D:9)
  A bush (D:5)
41 creatures vanquished.

Vanquished Creatures (others)
  2 flying skulls (Lair:4)
  A vampire (D:10)
  A wraith (Lair:2)
  A wight (D:10)
  A centaur zombie (D:10)
  An ugly thing zombie (D:10)
  3 death yak zombies (Lair:4)
  A boulder beetle zombie (D:10)
  A mummy (D:10)
  2 elephant zombies (Lair:4)
  A human zombie (D:10)
  A tengu skeleton (D:10)
  A vampire mosquito zombie (D:12)
  A bullfrog zombie (D:9)
  A centaur skeleton (D:10)
  2 komodo dragon zombies (Lair:1)
  2 cane toad zombies
  2 troll zombies
  4 yak zombies
  3 gnoll zombies (D:9)
  3 killer bee zombies
  An orc skeleton (D:10)
  6 orc zombies
  5 water moccasin zombies
  A wolf zombie (Lair:2)
  72 fungi
  56 plants
176 creatures vanquished.

Grand Total: 540 creatures vanquished

Notes
Turn   | Place    | Note
-------+----------+-------------------------------------------
     0 | D:1      | cbfl8 the Minotaur Monk began the quest for the Orb.
     0 | D:1      | Reached XP level 1. HP: 19/19 MP: 0/0
   445 | D:1      | Reached XP level 2. HP: 27/27 MP: 1/1
   487 | D:1      | Found a faded altar of an unknown god.
  1494 | D:2      | Noticed Terence
  1497 | D:2      | Reached XP level 3. HP: 33/33 MP: 2/2
  1520 | D:2      | Killed Terence
  1876 | D:2      | Noticed Jessica
  1881 | D:2      | Killed Jessica
  1882 | D:2      | Reached XP level 4. HP: 25/41 MP: 3/3
  2148 | D:2      | Reached skill level 1 in Armour
  2391 | D:2      | Reached skill level 5 in Long Blades
  3382 | D:3      | Reached XP level 5. HP: 43/47 MP: 4/4
  3850 | D:3      | Reached skill level 5 in Fighting
  3850 | D:3      | Reached XP level 6. HP: 51/56 MP: 5/5
  4522 | D:4      | Found a staircase to the Ecumenical Temple.
  4534 | Temple   | Entered the Ecumenical Temple
  5663 | D:5      | Entered Level 5 of the Dungeon
  5707 | D:5      | Noticed a water moccasin
  5721 | D:5      | Killed a water moccasin
  6083 | D:5      | Found a bloodstained altar of Trog.
  6141 | D:5      | Found a basalt altar of Yredelemnul.
  6172 | D:5      | Reached XP level 7. HP: 46/61 MP: 6/6
  6197 | D:5      | Became a worshipper of Yredelemnul the Dark
  6197 | D:5      | Reached * piety under Yredelemnul
  6197 | D:5      | Reached ** piety under Yredelemnul
  6789 | D:5      | Found a sparkling altar of Nemelex Xobeh.
  6791 | D:5      | Found a hazy altar of Hepliaklqana.
  6793 | D:5      | Found a sacrificial altar of Ru.
  6813 | D:5      | Identified the +11 hand axe of Deformation {venom, rC+
                  | Will++ Int+3 Dex+3}
  6880 | D:5      | Reached skill level 5 in Armour
  6888 | D:5      | Noticed Blork the orc
  6907 | D:5      | Killed Blork the orc
  6910 | D:5      | Reached skill level 1 in Axes
  7373 | D:5      | Noticed Ijyb
  7378 | D:5      | Killed Ijyb
  7379 | D:5      | Reached XP level 8. HP: 70/70 MP: 7/7
  7614 | D:5      | Found a runed translucent door.
  7615 | D:5      | Noticed Crazy Yiuf
  7621 | D:5      | Killed Crazy Yiuf
  8139 | D:6      | Reached skill level 1 in Invocations
  8215 | D:6      | Reached skill level 5 in Dodging
  8277 | D:6      | Found Weomm's Assorted Antiques.
  8424 | D:6      | Found Avideim's Assorted Antiques.
  8433 | D:6      | Bought a potion of heal wounds for 110 gold pieces
  8569 | D:6      | Identified the +1 leather armour "Onyib" {Int+2}
  8827 | D:7      | Reached skill level 5 in Axes
  8908 | D:7      | Noticed a two-headed ogre
  8916 | D:7      | Killed a two-headed ogre
  8917 | D:7      | Reached XP level 9. HP: 64/78 MP: 10/10
  9154 | D:7      | Reached *** piety under Yredelemnul
  9193 | D:7      | Found an ornate altar of the Wu Jian Council.
  9260 | D:7      | Found an opulent altar of Gozag.
  9361 | D:7      | Found a hide-covered altar of Uskayaw.
  9361 | D:7      | Found a blossoming altar of Fedhas.
 10404 | D:8      | Noticed Prince Ribbit
 10416 | D:8      | Killed Prince Ribbit
 10898 | D:9      | Reached XP level 10. HP: 78/88 MP: 12/12
 10916 | D:9      | Noticed a two-headed ogre
 10927 | D:9      | Killed a two-headed ogre
 10927 | D:9      | Reached **** piety under Yredelemnul
 11187 | D:9      | Found a staircase to the Lair.
 11434 | D:9      | Received a gift from Yredelemnul (a wight)
 11435 | D:9      | Reached skill level 5 in Invocations
 11535 | D:9      | Noticed a two-headed ogre
 11540 | D:9      | Killed a two-headed ogre
 11541 | D:9      | Reached skill level 10 in Armour
 11838 | D:9      | Found a staircase to the Orcish Mines.
 11872 | D:9      | Reached skill level 10 in Axes
 11873 | D:9      | Received a gift from Yredelemnul (a mummy)
 12751 | D:10     | Entered Level 10 of the Dungeon
 13282 | D:10     | Found a portal to a secret trove of treasure.
 13515 | D:10     | Noticed a skeletal warrior
 13515 | D:10     | Noticed a skeletal warrior
 13517 | D:10     | Noticed a skeletal warrior
 13560 | D:10     | Reached XP level 11. HP: 45/95 MP: 2/14
 13629 | D:10     | Noticed a boulder beetle
 13647 | D:10     | Killed a boulder beetle
 13651 | D:10     | Noticed a white ugly thing
 13668 | D:10     | Noticed an ogre mage
 13693 | D:10     | Killed an ogre mage
 13891 | D:10     | Noticed a centaur warrior
 13900 | D:10     | Killed a centaur warrior
 13900 | D:10     | Received a gift from Yredelemnul (a mummy)
 14267 | D:10     | Reached skill level 1 in Evocations
 14646 | D:10     | Noticed a wizard
 14649 | D:10     | Noticed a green ugly thing
 14654 | D:10     | Killed a wizard
 14659 | D:10     | Killed a white ugly thing
 14663 | D:10     | Killed a green ugly thing
 14688 | D:10     | Identified the ring "Hopropte" {Ice Dex+3}
 14688 | D:10     | Noticed a tengu warrior
 14712 | D:10     | Killed a tengu warrior
 14961 | D:10     | Got the Volume of Hurtful Dark Rites
 14966 | D:10     | Got Sif Muna's Almanac of Doomed Flames
 15029 | D:10     | Killed a skeletal warrior
 15029 | D:10     | Killed a skeletal warrior
 15652 | D:11     | Found a shimmering altar of Xom.
 16305 | D:12     | Reached skill level 10 in Fighting
 16352 | D:12     | Reached XP level 12. HP: 59/106 MP: 16/16
 16654 | D:12     | Found a runed translucent door.
 16845 | D:12     | Reached skill level 5 in Shields
 17110 | D:12     | Found a runed translucent door.
 17127 | D:12     | Noticed a two-headed ogre
 17135 | D:12     | Killed a two-headed ogre
 17349 | D:12     | Noticed a five-headed hydra
 17362 | D:12     | Killed a ten-headed hydra
 17518 | D:12     | Identified a scroll of acquirement
 17519 | D:12     | Acquired the ring "Xetamocs" {rC+ Str-3 Int+7 Slay+4}
 17796 | D:12     | Noticed a two-headed ogre
 18532 | Lair:1   | Entered Level 1 of the Lair of Beasts
 18771 | Lair:1   | Noticed a seven-headed hydra
 18781 | Lair:1   | HP: 5/107 [nine-headed hydra (10)]
 18796 | Lair:1   | You fall into a shaft and drop 1 floor!
 21208 | Lair:2   | Received a gift from Yredelemnul (a wraith)
 21208 | Lair:2   | HP: 5/107 [acid (16)]
 21663 | Lair:2   | Identified the ring "Unutuwum" {Fire rPois}
 23172 | Lair:3   | Received a gift from Yredelemnul (2 flying skulls)
 23237 | Lair:3   | Found the ring of the Mage {Wiz Will++ Int+3}
 23290 | Lair:3   | Reached XP level 13. HP: 94/115 MP: 17/17
 23300 | Lair:3   | Found a hole to the Spider Nest.
 24253 | Lair:4   | Noticed Nergalle
 24263 | Lair:4   | Killed Nergalle
 24365 | Lair:4   | Reached ***** piety under Yredelemnul
 24484 | Lair:4   | Your ally Nergalle died
 25151 | Lair:4   | HP: 7/174 [12-headed hydra (3)]
 25152 | Lair:4   | HP: 3/174 [12-headed hydra (2)]
 25152 | Lair:4   | Mangled by a 12-headed hydra

Illustrated notes

Levels and vault maps discovered:
D:1:      scummos_arrival_star, layout_basic,
          hellmonk_ecumenical_altar_arch_garden
D:2:      layout_loops_corners, uniq_jessica, uniq_terence
D:3:      layout_loops_ring, minmay_fractal_squares_5
D:4:      layout_gridville, minmay_temple_entry_stoned_glass
D:5:      layout_basic, yredelemnul_altar_generic, trog_book,
          gammafunk_temple_overflow_forgotten, hex_large, uniq_blork_the_orc,
          uniq_ijyb, uniq_crazy_yiuf_cottage
D:6:      layout_loops_ring, serial_shops, shop, nicolae_shop_behind_doors
D:7:      layout_rooms, mainiacjoe_overflow_paths,
          gammafunk_temple_overflow_pools,
          mainiacjoe_overflow_concentric_impassable
D:8:      layout_loops_ring, grunt_decor_one_mirror, uniq_prince_ribbit1
D:9:      layout_stronghold, grunt_lair_entry_orc_guard_hut,
          minmay_orc_entry_temple_small
D:10:     minmay_the_grid_square_5x5_3x3 [minmay_the_grid_square_5x5_c,
          minmay_the_grid_square_5x5_tetrominoes,
          minmay_the_grid_square_5x5_corner, minmay_the_grid_square_5x5_two,
          minmay_the_grid_square_5x5_megaprize_diamond,
          minmay_the_grid_square_5x5_gyroscope,
          minmay_the_grid_square_5x5_eight, minmay_the_grid_square_5x5_forky,
          minmay_the_grid_square_5x5_trominoes], layout_loops_ring,
          nicolae_trove_entry_crystal
D:11:     layout_loops_ring, tgw_xom
D:12:     cheibrodos_histonic, layout_irregular_city
Temple:   nicolae_temple_figure_eight
Lair:1:   layout_long_grid, st_stairs_5
Lair:2:   layout_cave_pods, serial_bayou_shore_a, minmay_lair_oklob_chamber
Lair:3:   layout_roguey, spider_nest_entry_rubble, st_stairs_11
Lair:4:   layout_regular_city, palyth_hydra_swamp_entry, serial_bayou_shore_b,
          uniq_nergalle

Skill      XL: |  1  2  3  4  5  6  7  8  9 10 11 12 13 |
---------------+----------------------------------------+-----
Long Blades    | 4 5 6 7 |  7.1
Fighting       | 4 5 6 7 8 10 11 | 11.3
Dodging        | 4 5 |  5.9
Armour         | 1 2 4 5 8 9 10 11 13 | 13.6
Stealth        | 2 3 |  3.4
Axes           | 1 6 8 10 11 12 13 | 13.4
Invocations    | 3 4 5 6 7 |  7.8
Shields        | 2 4 8 9 |  9.1
Evocations     | 1 2 |  2.6

Action                   |  1- 3 |  4- 6 |  7- 9 | 10-12 | 13-15 || total
-------------------------+-------+-------+-------+-------+-------++-------
Melee: Falchion          |    65 |   109 |    29 |       |       ||   203
       Headbutt          |    10 |    20 |    65 |   144 |    34 ||   273
       Hand axe          |       |       |   190 |   467 |    98 ||   755
Invok: Animate Remains   |       |       |    19 |       |       ||    19
       Animate Dead      |       |       |    10 |    38 |    10 ||    58
       Drain Life        |       |       |       |     6 |     2 ||     8
 Abil: Evoke Invisibilit |       |       |       |     2 |       ||     2
Evoke: Wand              |       |       |       |    20 |     3 ||    23
  Use: Scroll            |       |     4 |       |    21 |     3 ||    28
       Potion            |       |     3 |     7 |     9 |     1 ||    20
 Stab: Distracted        |       |       |       |     3 |     6 ||     9
Armor: Robe              |     5 |       |       |       |       ||     5
       Ring mail         |    11 |       |       |       |       ||    11
       Scale mail        |     5 |    29 |       |       |       ||    34
       Chain mail        |       |    11 |    40 |       |       ||    51
       Skin              |       |     6 |    13 |     6 |    23 ||    48
       Plate armour      |       |       |    54 |   290 |    74 ||   418
Dodge: Dodged            |    53 |    70 |    82 |   136 |    39 ||   380
Block: Kite shield       |       |       |       |   320 |   108 ||   428
       Reflection        |       |       |       |    11 |       ||    11
       Rpst.: Falchion   |     9 |    24 |     3 |       |       ||    36
